 Dungeon Crawl Stone Soup version 0.21-a0-140-g479285b (console) character file.

441 removed the Skirmisher (level 6, -6/52 HPs)
             Began as a Demonspawn Assassin on July 21, 2017.
             Mangled by an iguana (12 damage)
             ... on level 4 of the Dungeon.
             The game lasted 00:08:51 (3866 turns).

removed the Skirmisher (Demonspawn Assassin)        Turns: 3866, Time: 00:08:51

Health: -6/52      AC:  7    Str: 11    XL:     6   Next: 71%
Magic:  6/6        EV: 14    Int: 12    God:
Gold:   117        SH:  0    Dex: 17    Spells: 5/5 levels left

rFire    . . .     SeeInvis .   a - +2 dagger
rCold    . . .     Gourm    .   (no shield)
rNeg     . . .     Faith    .   c - +0 robe
rPois    .         Spirit   .   (no helmet)
rElec    .         Reflect  .   d - +0 cloak
rCorr    .         Harm     .   (no gloves)
MR       .....                  (no boots)
Stlth    ++........             (no amulet)
HPRegen  0.17/turn              (no ring)
MPRegen  0.10/turn              (no ring)

@: no status effects
A: hooves 1, iridescent scales 2
a: no special abilities


You were on level 4 of the Dungeon.
You were hungry.

You visited 1 branch of the dungeon, and saw 4 of its levels.
You also visited: Sewer.

You collected 117 gold pieces.

Inventory:

Hand Weapons
 a - a +2 dagger (weapon)
 b - a +0 blowgun
 s - a +0 rapier
 G - a -3 hand axe
Missiles
 e - 24 poisoned needles
 f - a curare-tipped needle
Armour
 c - a +0 robe (worn)
 d - a +0 cloak (worn)
 D - a +0 chain mail
Magical Staves
 F - an uncursed staff of cold
Jewellery
 o - an uncursed ring of protection from cold {unknown}
 u - an uncursed ring of magical power {unknown}
Scrolls
 k - a scroll of remove curse
 q - 4 scrolls of identify {unknown}
 y - 4 scrolls of teleportation {unknown}
 A - a scroll of magic mapping {unknown}
Potions
 h - a potion of mutation {unknown}
 m - a potion of curing {unknown}
 n - 2 potions of heal wounds {unknown}
 p - 2 potions of brilliance {unknown}
 t - 2 potions of flight {unknown}
 v - 2 potions of berserk rage {unknown}
 w - a potion of agility {unknown}
 z - 2 potions of might {unknown}
 B - a potion of magic {unknown}
 C - a potion of resistance {unknown}
Comestibles
 g - 2 bread rations
 j - 2 meat rations
 l - 3 royal jellies
 r - a fruit


   Skills:
 + Level 5.7 Fighting
 - Level 1.7 Short Blades
 - Level 1.7 Throwing
 - Level 4.0 Dodging
 - Level 3.6 Stealth


You had 5 spell levels left.
You didn't know any spells.

Dungeon Overview and Level Annotations

Branches:
Dungeon (4/15)
 Temple: D:4-7

Altars:

Annotations:
D:3 Gruesome's ghost, amateur OpTm
D:4 exclusion: phantom


Innate Abilities, Weirdness & Mutations

You have large cloven feet.
You are mostly covered in iridescent scales. (AC +4)


Message History

You hit the orc.
The orc is severely wounded.
The iguana closely misses you. The orc closely misses you.
You hit the orc but do no damage.
The orc is severely wounded.
The iguana bites you!
* * * LOW HITPOINT WARNING * * *
The orc hits you with a falchion.
* * * LOW HITPOINT WARNING * * *
You hit the orc but do no damage. You kick the orc, but do no damage.
The orc is severely wounded.
The iguana barely misses you. The orc hits you with a falchion.
* * * LOW HITPOINT WARNING * * *
You completely miss the orc. You kick the orc, but do no damage.
The orc is severely wounded.
The orc wizard casts a spell.
The orc wizard flickers and vanishes!
Deactivating autopickup; reactivate with Ctrl-A.
The iguana bites you!
You die...

####### .
(....#
..#.###.#.#
........o{#
..#o###.#l#
#.#$#l#@#
#.###.#o#
.........#
..#.###.#.#
.... .....#
.........#
#########


You could see an iguana and 2 orcs.

Vanquished Creatures
  Purgy (Sewer)
  A centaur (D:4)
  2 orc priests (D:4)
  A worker ant (D:4)
  4 gnolls (D:4)
  5 adders
  A river rat (D:3)
  2 oozes
  A worm (D:2)
  A dart slug (D:2)
  5 leopard geckos
  7 orcs
  9 bats
  5 giant cockroaches
  9 goblins
  2 hobgoblins (D:1)
  A quokka (D:2)
  3 ball pythons
  13 frilled lizards
  5 kobolds
  4 rats
82 creatures vanquished.

Notes
Turn   | Place    | Note
-------+----------+-------------------------------------------
     0 | D:1      | removed the Demonspawn Assassin began the quest for the Orb.
     0 | D:1      | Reached XP level 1. HP: 16/16 MP: 1/1
    46 | D:1      | Reached skill level 1 in Dodging
   337 | D:1      | Gained mutation: You are partially covered in iridescent scales. (AC +2) [demonic ancestry]
   337 | D:1      | Reached XP level 2. HP: 22/22 MP: 2/2
   992 | D:2      | Gained mutation: You are mostly covered in iridescent scales. (AC +4) [demonic ancestry]
   992 | D:2      | Reached XP level 3. HP: 27/27 MP: 3/3
  1716 | D:3      | Gained mutation: You have large cloven feet. [demonic ancestry]
  1716 | D:3      | Reached XP level 4. HP: 33/33 MP: 4/4
  1799 | D:3      | Found a glowing drain.
  1985 | Sewer    | Entered a sewer
  2043 | Sewer    | Noticed Purgy
  2059 | Sewer    | Killed Purgy
  2059 | Sewer    | Reached skill level 3 in Fighting
  2059 | Sewer    | Reached XP level 5. HP: 42/42 MP: 5/5
  2386 | D:3      | Reached skill level 4 in Fighting
  2426 | D:3      | Noticed Gruesome's ghost (amateur OpTm)
  2893 | D:4      | Noticed a phantom
  3125 | D:4      | Noticed a centaur
  3139 | D:4      | Killed a centaur
  3139 | D:4      | Reached skill level 5 in Fighting
  3139 | D:4      | Reached XP level 6. HP: 39/51 MP: 6/6
  3866 | D:4      | Mangled by an iguana

Vault maps used:
D:1:      onia_arrival_pentagram
D:2:      serial_bayou_pond_a
D:3:      portal_sewer_entry_c
D:4:      gammafunk_temple_overflow_statue, minmay_surrounded
Sewer:    sewer_co_purgy_island

Skill      XL: |  1  2  3  4  5 |
---------------+----------------+-----
Dodging        | 1 2 3 4 |  4.0
Fighting       | 3 5 |  5.7
Short Blades   | |  1.7
Throwing       | |  1.7
Stealth        | |  3.6

Action                   |  1- 3 |  4- 6 || total
-------------------------+-------+-------++-------
Melee: Dagger            |   102 |   171 ||   273
       Kick              |       |    49 ||    49
 Fire: Blowgun           |    11 |    18 ||    29
  Use: Scroll            |       |     1 ||     1
 Stab: Sleeping          |     7 |     4 ||    11
       Distracted        |       |     1 ||     1
  Eat: Chunk             |     3 |     6 ||     9
Armor: Robe              |    22 |    35 ||    57
Dodge: Dodged            |    70 |   102 ||   172
